 Dungeon Crawl Stone Soup version 0.25-a0-975-gcae8493d64 (webtiles) character file.

Game seed: 5826080750910512859, levelgen mode: deterministic

14228 Esekla the Carver (level 12, -6/109 HPs)
             Began as a Naga Conjurer on May 9, 2020.
             Was an Elder of Ashenzari.
             Mangled by a two-headed ogre
             ... wielding a +0 giant club
              (12 damage)
             ... on level 12 of the Dungeon on May 10, 2020.
             The game lasted 02:15:23 (17166 turns).

Esekla the Carver (Naga Conjurer)                  Turns: 17166, Time: 02:15:25

Health: -6/109     AC:  7    Str: 16    XL:     12   Next: 14%
Magic:  0/22       EV: 12    Int: 20    God:    Ashenzari [****..]
Gold:   679        SH:  0    Dex: 13    Spells: 6/24 levels left

rFire    . . .     SeeInvis +   R - +5 falchion (curse)
rCold    + . .     Gourm    .   (no shield)
rNeg     . . .     Faith    .   I - +0 robe of Lucidity {Int+4 Slay+2} (curse)
rPois    +         Spirit   +   f - +0 helmet
rElec    .         Reflect  .   F - scarf {cloud immunity}
rCorr    .         Harm     .   n - +0 pair of gloves
MR       +....     Clarity  +   (no barding)
Stlth    +++.......             v - amulet of guardian spirit (curse)
HPRegen  0.28/turn              G - +2 ring of strength
MPRegen  0.18/turn              L - ring of protection from cold

@: short of breath, very slow
A: large, see invisible, deformed body, poison resistance, slowness 2, slow
metabolism 1, spit poison 1, AC +4
a: Spit Poison, Curse Item, Scrying, Renounce Religion


You were on level 12 of the Dungeon.
You worshipped Ashenzari.
Ashenzari was greatly pleased with you.
You were hungry.

You visited 3 branches of the dungeon, and saw 15 of its levels.

You collected 679 gold pieces.

Inventory:

Hand Weapons
 o - a +5 great sword
 p - a +0 war axe of electrocution
 w - a +4 dagger of draining
 z - a +1 trident of protection
 R - a cursed +5 falchion (weapon)
Missiles
 j - 6 curare-tipped darts
 k - 58 poisoned darts
 y - 2 javelins
 D - 14 boomerangs (quivered)
Armour
 f - a +0 helmet (worn)
 n - a +0 pair of gloves (worn)
 F - a scarf of cloud immunity (worn)
 I - the cursed +0 robe of Lucidity (worn) {Int+4 Slay+2}
   (You took it off a wight on level 7 of the Dungeon)

   It affects your intelligence (+4).
   It affects your accuracy and damage with ranged weapons and melee attacks
   (+2).
   It has a curse placed upon it.
 M - a +0 troll leather armour
 X - a +2 robe of magic resistance
Jewellery
 v - a cursed amulet of guardian spirit (around neck)
 A - an uncursed ring of fire
 G - a +2 ring of strength (left hand)
 L - a ring of protection from cold (right hand)
Wands
 q - a wand of clouds (9)
 r - a wand of paralysis (11)
 s - a wand of flame (32)
 O - a wand of digging (4)
 P - a wand of iceblast (5)
Scrolls
 b - a scroll of random uselessness {unknown}
 d - a scroll of fear
 g - a scroll of identify
 i - 2 scrolls of teleportation
 l - 4 scrolls of amnesia
 m - 2 scrolls of enchant weapon
 u - 2 scrolls of noise
 H - 3 scrolls of fog
 K - a scroll of magic mapping
 N - a scroll of enchant armour {unknown}
 Q - 2 scrolls of blinking
 U - 4 scrolls of remove curse
 W - a scroll of holy word {unknown}
Potions
 a - a potion of brilliance
 e - 7 potions of curing
 h - 3 potions of cancellation
 t - a potion of heal wounds
 x - a potion of berserk rage
 B - a potion of resistance
 C - 2 potions of stabbing
 E - a potion of mutation
 J - a potion of haste
 S - a potion of flight
 V - a potion of ambrosia {unknown}
Comestibles
 c - 25 rations


   Skills:
 * Level 7.5 Fighting
 + Level 0.4(6.2) Short Blades
 * Level 9.9(13.1) Long Blades
 + Level 3.2 Armour
 + Level 5.0 Dodging
 + Level 6.6 Stealth
 * Level 6.8 Spellcasting
 + Level 6.2 Conjurations
 * Level 4.1 Charms
 + Level 5.1 Translocations
 * Level 3.4 Air Magic
 + Level 4.5 Evocations


You had 6 spell levels left.
You knew the following spells:

 Your Spells              Type           Power        Failure   Level  Hunger
a - Airstrike             Air            ###.......   22%         4    ###....
b - Iskenderun's Mystic   Conj/Tloc      ####....     10%         4    ###....
d - Magic Dart            Conj           ####         1%          1    None
e - Searing Ray           Conj           ####..       1%          2    None
l - Lightning Bolt        Conj/Air       ####......   36%         5    #####..
r - Swiftness             Chrm/Air       ###.....     3%          2    None

Your spell library contained the following spells:

 Spells                   Type           Power        Failure   Level  Hunger
 Shock                    Conj/Air       ####         1%          1    None
 Gell's Gravitas          Tloc           ####......   3%          3    #......
 Static Discharge         Conj/Air       ####....     4%          3    #......
 Dazzling Flash           Conj/Hex       ###...       9%          3    #......
 Beastly Appendage        Tmut           #.....       10%         1    None
 Sticks to Snakes         Tmut           #.......     14%         2    None
 Fulminant Prism          Conj/Hex       ###.......   26%         4    ###....
 Confusing Touch          Hex            #.......     28%         3    #......
 Spider Form              Tmut/Pois      #.........   28%         3    #......
 Ice Form                 Ice/Tmut       #.......     67%         4    ###....
 Petrify                  Tmut/Erth      #.......     67%         4    ###....
 Blade Hands              Tmut           #.........   95%         5    #####..
 Metabolic Englaciation   Hex/Ice        #.........   95%         5    #####..
 Yara's Violent Unravell  Hex/Tmut       #.........   95%         5    #####..


Dungeon Overview and Level Annotations

Branches:
Dungeon (13/15)            Temple (1/1) D:6            Lair (1/6) D:11
    Orc (0/2) D:11
 Vaults: D:13-14

Altars:
Ashenzari
Cheibriados
Dithmenos
Elyvilon
Fedhas
Gozag
Hepliaklqana
Kikubaaqudgha
Makhleb
Nemelex Xobeh
Okawaru
Qazlal
Ru
Sif Muna
Trog
Uskayaw
Vehumet
Wu Jian
Xom
Yredelemnul
Zin
The Shining One

Annotations:
D:13 Sonja


Innate Abilities, Weirdness & Mutations

You cannot wear boots.
Your serpentine skin is tough. (AC +4)
You have supernaturally acute eyesight. (SInv)
Armour fits poorly on your strangely shaped body.
Your system is resistant to poisons. (rPois)
You cover ground very slowly.
You have a slow metabolism.
You can spit poison.


Message History

The two-headed ogre is moderately wounded. (Press . to maintain the ray.)
The two-headed ogre closely misses you.
The two-headed ogre hits you with a +0 giant club!!
The searing ray hits the two-headed ogre.
The two-headed ogre is moderately wounded.
The two-headed ogre hits you with a +0 giant club!
The two-headed ogre closely misses you.
The searing ray hits the two-headed ogre!
The two-headed ogre is heavily wounded.
The two-headed ogre hits you with a +0 giant club!!
The two-headed ogre hits you with a +0 giant club!
* * * LOW HITPOINT WARNING * * *
The searing ray hits the two-headed ogre!
The two-headed ogre is heavily wounded.
You finish channeling your searing ray.
The two-headed ogre hits you with a +0 giant club!!
* * * LOW HITPOINT WARNING * * *
The two-headed ogre hits you with a +0 giant club!
You die...

#.....# * * #.# ###.### * #.. #.#
#.* ### #.### #.# #. # #...# #.#
##. # #######'#### #.# #.. #
###..........# #.# #..
####.'..........### #.# #..
##...#..........@O####^#### #..
##.###..........#.........#####..
'..# #...>......######.##.....#..
#### #..........# #..#####.... #
#....[.....# ##.# ###.. #
##'######### #.# ##. #.## #.# #.
#..# #.#### ## ### ##.### #....#
##


You could see a two-headed ogre (poisoned).

Vanquished Creatures
  A two-headed ogre (D:8)
  An unseen horror (D:11)
  3 ugly things
  4 trolls
  A queen bee (D:9)
  A hornet (D:12)
  4 hippogriffs
  A spriggan (D:9)
  A wraith (D:12)
  2 wyverns
  8 yaks
  A hungry ghost (D:7)
  Eustachio (D:4)
  3 vampire mosquitoes (D:10)
  Menkaure (D:6)
  A soldier ant (D:10)
  4 orc warriors
  A swamp drake (D:11)
  4 ice beasts
  5 black bears
  3 phantoms
  5 sky beasts
  2 necrophages
  4 centaurs
  6 ogres
  A crocodile (D:12)
  2 big kobolds
  10 bullfrogs
  4 scorpions
  28 killer bees
  5 wights (D:7)
  A howler monkey (D:12)
  4 bullfrog zombies
  A centaur zombie (D:9)
  2 quasits
  3 crimson imps
  5 jellies
  2 bullfrog skeletons
  6 orc priests
  4 hounds
  2 centaur skeletons (D:10)
  5 iguanas
  4 worker ants
  9 orc wizards
  2 hound zombies (D:7)
  3 hound skeletons
  6 gnolls
  3 worker ant zombies
  A howler monkey skeleton (D:5)
  10 adders
  4 shadow imps
  2 adder zombies
  4 worms
  5 dart slugs
  4 leopard geckos
  47 orcs
  2 ball pythons
  5 bats
  7 giant cockroaches
  13 goblins
  9 hobgoblins
  6 jackals
  3 quokkas
  6 frilled lizards
  A jackal skeleton (D:5)
  A jackal zombie (D:6)
  16 kobolds
  A leopard gecko skeleton (D:5)
  A quokka skeleton (D:8)
  7 rats
335 creatures vanquished.

Vanquished Creatures (others)
  5 dream sheep (D:11)
  16 fungi (D:11)
  A plant (D:11)
22 creatures vanquished.

Grand Total: 357 creatures vanquished

Notes
Turn   | Place    | Note
-------+----------+-------------------------------------------
     0 | D:1      | Esekla the Naga Conjurer began the quest for the Orb.
     0 | D:1      | Reached XP level 1. HP: 15/15 MP: 3/3
   271 | D:1      | Reached XP level 2. HP: 18/22 MP: 5/5
   276 | D:1      | Learned a level 2 spell: Searing Ray
   560 | D:4      | Reached XP level 3. HP: 30/30 MP: 2/6
  1158 | D:5      | Entered Level 5 of the Dungeon
  1162 | D:5      | Reached skill level 1 in Fighting
  1162 | D:5      | Reached skill level 5 in Conjurations
  1162 | D:5      | Reached XP level 4. HP: 38/38 MP: 3/7
  1169 | D:5      | Noticed an ice beast
  1373 | D:4      | Noticed a phantom
  1508 | D:5      | Reached XP level 5. HP: 44/44 MP: 4/9
  1878 | D:7      | Noticed an ogre
  1878 | D:7      | Noticed a centaur
  1992 | D:7      | Noticed a phantom
  1999 | D:5      | Noticed a sky beast
  2007 | D:5      | Killed a sky beast
  2007 | D:5      | Reached XP level 6. HP: 42/52 MP: 2/10
  2070 | D:6      | Learned a level 4 spell: Iskenderun's Mystic Blast
  2165 | D:5      | Reached skill level 1 in Evocations
  2370 | D:5      | Noticed a sky beast
  2370 | D:5      | Noticed an ice beast
  2431 | D:4      | Noticed Eustachio
  2442 | D:4      | Killed Eustachio
  2442 | D:4      | Reached skill level 5 in Stealth
  2442 | D:4      | Reached skill level 1 in Translocations
  2442 | D:4      | Reached XP level 7. HP: 60/60 MP: 2/11
  3324 | D:5      | Reached skill level 1 in Long Blades
  3324 | D:5      | Reached XP level 8. HP: 53/69 MP: 3/13
  3594 | D:6      | Reached skill level 1 in Armour
  3759 | D:7      | Noticed a hippogriff
  3777 | D:6      | Noticed Menkaure
  3785 | D:6      | Killed Menkaure
  3792 | D:6      | Found a staircase to the Ecumenical Temple.
  4032 | Temple   | Entered the Ecumenical Temple
  4075 | Temple   | Became a worshipper of Ashenzari the Shackled
  4387 | D:6      | Reached skill level 2 in Long Blades
  4487 | D:6      | Reached XP level 9. HP: 77/78 MP: 7/15
  4784 | D:6      | Reached skill level 3 in Long Blades
  5219 | D:2      | Found a sacrificial altar of Ru.
  5272 | D:2      | Reached * piety under Ashenzari
  6679 | D:2      | Found a white marble altar of Elyvilon.
  7097 | D:6      | Reached skill level 4 in Long Blades
  7387 | D:7      | Identified the cursed +0 robe of Lucidity {Int+4 Slay+2}
  7491 | D:7      | Reached skill level 5 in Fighting
  7778 | D:7      | Reached skill level 5 in Long Blades
  7950 | D:7      | Reached XP level 10. HP: 75/88 MP: 13/17
  8063 | D:8      | Reached ** piety under Ashenzari
  8331 | D:8      | Reached skill level 6 in Long Blades
  8835 | D:7      | Reached skill level 5 in Spellcasting
  9232 | D:8      | Reached skill level 5 in Translocations
  9529 | D:9      | Reached skill level 7 in Long Blades
  9746 | D:9      | Noticed a two-headed ogre
  9906 | D:8      | Learned a level 2 spell: Swiftness
  9911 | D:8      | Learned a level 4 spell: Airstrike
  9917 | D:8      | Learned a level 5 spell: Lightning Bolt
 10173 | D:8      | Killed a two-headed ogre
 10333 | D:9      | Reached skill level 1 in Charms
 10766 | D:9      | Reached skill level 1 in Air Magic
 10924 | D:10     | Entered Level 10 of the Dungeon
 11156 | D:9      | Reached XP level 11. HP: 97/97 MP: 19/19
 11552 | D:10     | Reached skill level 8 in Long Blades
 11595 | D:10     | Reached *** piety under Ashenzari
 12038 | D:11     | Noticed a white ugly thing
 13469 | D:11     | Noticed a purple ugly thing
 13658 | D:10     | Killed a purple ugly thing
 14856 | D:11     | Found a shimmering altar of Xom.
 14936 | D:11     | Found a staircase to the Lair.
 15081 | D:11     | Reached skill level 9 in Long Blades
 15139 | D:11     | Killed a white ugly thing
 15458 | D:11     | Noticed an unseen horror
 15469 | D:11     | Killed an unseen horror
 15851 | D:11     | Found a staircase to the Orcish Mines.
 16152 | Lair:1   | Entered Level 1 of the Lair of Beasts
 16152 | Lair:1   | Noticed a seven-headed hydra
 16400 | D:12     | Reached XP level 12. HP: 101/109 MP: 19/21
 16416 | D:12     | Reached **** piety under Ashenzari
 16709 | D:12     | Reached skill level 5 in Dodging
 17025 | D:13     | Noticed Sonja
 17160 | D:12     | Noticed a two-headed ogre
 17166 | D:12     | Mangled by a two-headed ogre

Illustrated notes

Levels and vault maps discovered:
D:1:      onia_arrival_pyramid, layout_basic, nrook_uturn
D:2:      layout_rooms, nicolae_ru_sacrificial_ziggurat, serial_aquarium,
          aquarium_bridge_square [aquarium_subvault_wall,
          aquarium_subvault_window, aquarium_subvault_window,
          aquarium_subvault_bridge], aquarium_window_2, aquarium_window_fake,
          aquarium_window_fake, aquarium_view_2c, aquarium_balcony_double_1,
          elyvilon_altar_3
D:3:      layout_basic
D:4:      layout_gridville, first_ration, uniq_eustachio
D:5:      layout_loops_ring
D:6:      layout_loops_ring, temple_doors_cd, minmay_ogre_servants,
          uniq_menkaure
D:7:      layout_rooms
D:8:      layout_cave_pods
D:9:      layout_irregular_city, the_bakery
D:10:     layout_basic, special_room [special_room_bee]
D:11:     layout_grid_maze, due_lair_maze_entry_diamond, erik_orc_1,
          kb_xom_exploding_sheep
D:12:     layout_roguey
D:13:     layout_long_grid, uniq_sonja
Temple:   kilobyte_greek_temple
Lair:1:   beast_lair_carwin_large_4, layout_chaotic_city, st_stairs_13,
          lemuel_fruit_fields, infiniplex_staircase_pool

Skill      XL: |  1  2  3  4  5  6  7  8  9 10 11 12 |
---------------+-------------------------------------+-----
Fighting       | 1 2 3 4 5 6 7 |  7.5
Conjurations   | 5 6 |  6.2
Dodging        | 2 3 4 5 |  5.0
Stealth        | 4 5 6 |  6.6
Spellcasting   | 3 4 5 6 |  6.8
Evocations     | 1 2 3 4 |  4.5
Translocations | 1 2 3 4 5 |  5.1
Long Blades    | 1 2 5 7 9 |  9.9
Armour         | 2 3 |  3.2
Charms         | 2 4 |  4.1
Air Magic      | 1 3 |  3.4
Short Blades   | |  0.4

Action                   |  1- 3 |  4- 6 |  7- 9 | 10-12 || total
-------------------------+-------+-------+-------+-------++-------
Melee: Dagger            |    17 |    21 |    12 |       ||    50
       Falchion          |       |       |   171 |   393 ||   564
Throw: Dart              |       |     3 |    15 |    46 ||    64
       Javelin           |       |       |     1 |     1 ||     2
       Boomerang         |       |       |       |     2 ||     2
 Cast: Magic Dart        |     8 |     3 |     6 |     7 ||    24
       Searing Ray       |     7 |    15 |    55 |    50 ||   127
       Swiftness         |       |       |       |     1 ||     1
       Airstrike         |       |       |       |     9 ||     9
       Iskenderun's Myst |       |       |       |     4 ||     4
Invok: Curse Item        |       |       |     2 |     1 ||     3
 Abil: Spit Poison       |     7 |     7 |    32 |    68 ||   114
Evoke: Wand              |       |       |     7 |       ||     7
  Use: Scroll            |       |       |    10 |    14 ||    24
 Stab: Sleeping          |     2 |     3 |    20 |     4 ||    29
       Distracted        |       |       |       |     1 ||     1
  Eat: Chunk             |     1 |     5 |    16 |    23 ||    45
       Ration            |       |       |     1 |     2 ||     3
Armor: Robe              |     7 |    46 |    10 |   152 ||   215
       Leather armour    |       |       |   112 |       ||   112
Dodge: Dodged            |    21 |    29 |   143 |   305 ||   498
       Rpst.: Falchion   |       |       |    38 |    73 ||   111

Table legend:
 A = Non-vault XP
 B = Vault XP
 C = Vault XP percentage of total XP
 D = Non-vault monster count
 E = Vault monster count
 F = Vault count percentage of total count
                 A         B        C        D         E       F
            +---------+---------+-------+---------+---------+-------
      Total |   15608 |    4719 |  23.2 |     271 |      64 |  19.1
            +---------+---------+-------+---------+---------+-------
        D:1 |      20 |       0 |   0.0 |      12 |       0 |   0.0
        D:2 |      52 |       0 |   0.0 |      22 |       0 |   0.0
        D:3 |     251 |       0 |   0.0 |      31 |       0 |   0.0
        D:4 |     250 |     196 |  43.9 |      10 |       1 |   9.1
        D:5 |     956 |       0 |   0.0 |      34 |       0 |   0.0
        D:6 |    1421 |     309 |  17.9 |      40 |      10 |  20.0
        D:7 |    2046 |       0 |   0.0 |      36 |       0 |   0.0
        D:8 |    2163 |       0 |   0.0 |      22 |       0 |   0.0
        D:9 |    1430 |    1069 |  42.8 |      15 |      11 |  42.3
       D:10 |    1910 |     919 |  32.5 |      15 |      15 |  50.0
       D:11 |    3040 |    2226 |  42.3 |      18 |      27 |  60.0
       D:12 |    2069 |       0 |   0.0 |      16 |       0 |   0.0
            +---------+---------+-------+---------+---------+-------
